cohdb
Replays
Latest Replays
All Replays
Popular Replays
Top Player Replays
Match Explorer
How It Works
Community
CoH3 Stats
Reddit
Sign in to upload your games and track your stats! →
Sign in with Steam
Match 44622335
Unlisted
Match 44622335
Overview
Messages
Build Orders
End
Panzergrenadier Squad
Selects Battlefield Espionage Battlegroup
Kradschützen Motorcycle Team
Panzergrenadier Squad
Construct Light Support Kompanie
Selects 250/3 Funkpanzerwagen
Assault Grenadier Squad
250/3 Funkpanzerwagen
Selects Sector Subterfuge Beacon
Construct Mechanized Kompanie
Vehicle Survival Package
Tungsten Core Ammunition
Selects Plunder
Construct Panzerarmee Kommand
companyHOLLAND
Mustache and Melons
Pera
Svenious Jakobus (GB)
Spirit
zharartm
0
0
Comments
sign in to comment!
No comments posted yet!